 Dungeon Sprint DCSS version 0.30-a0-949-g53dc5368d7 (webtiles) character file.

Game seed: 9240140654107117895

383 retardedninja the Cleaver (level 6, -2/62 HPs)
             Began as a Hill Orc Fighter on Mar 27, 2023.
             Was a Follower of Beogh.
             Slain by a two-headed ogre
             ... wielding a +0 giant club
              (12 damage)
             ... in the Dungeon (Sprint IX: "|||||||||||||||||||||||||||||").
             The game lasted 00:01:22 (629 turns).

retardedninja the Cleaver (Hill Orc Fighter)         Turns: 629, Time: 00:01:22

Health: -2/62      AC: 13    Str: 21    XL:     6   Next: 76%
Magic:  6/6        EV:  9    Int: 11    God:    Beogh [*.....]
Gold:   0          SH:  5    Dex: 10    Spells: 5/5 levels left

rFire   . . .      SeeInvis .    b - +3 war axe (freeze)
rCold   . . .      Faith    .    c - +0 buckler
rNeg    . . .      Spirit   .    r - +1 scale mail
rPois   .          Reflect  .    o - +0 helmet
rElec   .          Rampage  .    (no cloak)
rCorr   .          NoTele   +    (no gloves)
Will    .....                    n - +0 pair of boots Stlth
                                 (no amulet)
HPRegen 0.30/turn                p - +2 ring of protection
MPRegen 0.10/turn                q - +3 ring of intelligence

@: slowed, invisible (expiring), very slow
A: no striking features
a: Renounce Religion


You were in the Dungeon.
You worshipped Beogh.
Beogh was aware of your devotion.
You visited 1 branch

Inventory:

Hand Weapons
 b - a +3 war axe of freezing (weapon)
Armour
 c - a +0 buckler (worn)
 n - a +0 pair of boots (worn)
 o - a +0 helmet (worn)
 r - a +1 scale mail (worn)
Jewellery
 p - a +2 ring of protection (left hand)
 q - a +3 ring of intelligence (right hand)
Wands
 m - a wand of iceblast (10)
Scrolls
 j - 2 scrolls of blinking
 l - 2 scrolls of amnesia
Potions
 d - a potion of might
 f - 2 potions of heal wounds
 g - a potion of haste
 h - 4 potions of magic
 i - a potion of berserk rage
 k - 4 potions of curing


   Skills:
 + Level 8.3 Fighting
 * Level 11.8 Axes
 + Level 7.6 Armour
 + Level 7.6 Shields


You had 5 spell levels left.
You didn't know any spells.
Your spell library was empty.

Dungeon Overview and Level Annotations

Branches:
Dungeon (1/1)

Altars:
Cheibriados
Dithmenos
Elyvilon
Fedhas
Gozag
Hepliaklqana
Kikubaaqudgha
Makhleb
Nemelex Xobeh
Okawaru
Qazlal
Ru
Sif Muna
Trog
Uskayaw
Vehumet
Wu Jian
Xom
Yredelemnul
Zin
The Shining One
Beogh
Jiyva
Lugonu


Message History

The kobold brigand barely misses you.
The kobold brigand hits you but does no damage.
Unknown command.
You slash the kobold brigand! You freeze the kobold brigand.
You kill the kobold brigand!
Beogh accepts your kill.
Your Fighting skill increases to level 8!
Unknown command.
You slash the two-headed ogre! You freeze the two-headed ogre.
The two-headed ogre is lightly wounded.
The two-headed ogre hits you with a +0 giant club!!
* * * LOW HITPOINT WARNING * * *
You block the two-headed ogre's attack.
Unknown command.
You hit the two-headed ogre but do no damage.
The two-headed ogre is lightly wounded.
The two-headed ogre misses you. The two-headed ogre barely misses you.
Unknown command.
Unknown command.
You feel much better. You block the two-headed ogre's attack.
The two-headed ogre hits you with a +0 dire flail.
Unknown command.
You slash the two-headed ogre! You freeze the two-headed ogre.
The two-headed ogre is moderately wounded.
The two-headed ogre barely misses you.
The two-headed ogre hits you with a +0 dire flail!
* * * LOW HITPOINT WARNING * * *
Unknown command.
Unknown command.
You slash the two-headed ogre! You freeze the two-headed ogre.
The two-headed ogre is severely wounded.
The two-headed ogre closely misses you.
The two-headed ogre hits you with a +0 dire flail!
* * * LOW HITPOINT WARNING * * *
You slash the two-headed ogre! You freeze the two-headed ogre.
The two-headed ogre is almost dead.
You flicker for a moment.
The two-headed ogre hits you but does no damage.
The two-headed ogre hits you with a +0 dire flail!
You die... ▓▓▓▓▓▓▓▓▓▓▓▓▓▓▓▓▓▓▓▓▓▓▓▓ _______'..)...[.@OWT.... ▓▓▓▓▓▓▓▓▓▓▓▓▓▓▓▓▓▓▓▓▓▓▓▓

You could see a two-headed ogre (unable to see you), a troll (unable to see you) and a wraith.

Vanquished Creatures
  A wraith (D)
  A centaur (D)
  A kobold brigand (D)
  A hound (D)
  An iguana (D)
  3 adders (D)
  A dart slug (D)
  A goblin (D)
  A kobold (D)
  2 ball pythons (D)
13 creatures vanquished.

Notes
Turn   | Place    | Note
-------+----------+-------------------------------------------
     0 | D        | retardedninja the Hill Orc Fighter began the quest for the
                  | Orb.
     0 | D        | Reached XP level 1. HP: 19/19 MP: 1/1
     6 | D        | Reached skill level 3 in Axes
    11 | D        | Reached skill level 4 in Axes
    12 | D        | Reached XP level 2. HP: 19/27 MP: 2/2
   155 | D        | Reached skill level 5 in Axes
   155 | D        | Reached XP level 3. HP: 13/35 MP: 3/3
   158 | D        | Reached skill level 5 in Fighting
   158 | D        | Reached skill level 6 in Axes
   178 | D        | Reached XP level 4. HP: 17/42 MP: 4/4
   181 | D        | Reached skill level 7 in Axes
   181 | D        | Reached skill level 5 in Armour
   181 | D        | Reached skill level 5 in Shields
   483 | D        | Found a roughly hewn altar of Beogh.
   483 | D        | Found a snail-covered altar of Cheibriados.
   483 | D        | Found a shadowy altar of Dithmenos.
   483 | D        | Found a white marble altar of Elyvilon.
   483 | D        | Found a blossoming altar of Fedhas.
   483 | D        | Found an opulent altar of Gozag.
   484 | D        | Found a hazy altar of Hepliaklqana.
   485 | D        | Found a viscous altar of Jiyva.
   486 | D        | Found an ancient bone altar of Kikubaaqudgha.
   487 | D        | Found a corrupted altar of Lugonu.
   488 | D        | Found a burning altar of Makhleb.
   489 | D        | Found a sparkling altar of Nemelex Xobeh.
   490 | D        | Found an iron altar of Okawaru.
   491 | D        | Found a stormy altar of Qazlal.
   492 | D        | Found a sacrificial altar of Ru.
   493 | D        | Found a shimmering blue altar of Sif Muna.
   494 | D        | Found a bloodstained altar of Trog.
   495 | D        | Found a hide-covered altar of Uskayaw.
   496 | D        | Found a radiant altar of Vehumet.
   497 | D        | Found an ornate altar of the Wu Jian Council.
   498 | D        | Found a shimmering altar of Xom.
   499 | D        | Found a basalt altar of Yredelemnul.
   502 | D        | Found a glowing silver altar of Zin.
   503 | D        | Found a glowing golden altar of the Shining One.
   520 | D        | Became a worshipper of Beogh the Brigand
   601 | D        | Noticed a wraith
   601 | D        | Noticed a centaur
   601 | D        | Noticed a kobold brigand
   601 | D        | Noticed a two-headed ogre
   601 | D        | Noticed a wraith
   601 | D        | Noticed a troll
   613 | D        | Killed a wraith
   614 | D        | Reached skill level 10 in Axes
   614 | D        | Reached XP level 5. HP: 40/52 MP: 5/5
   614 | D        | Reached XP level 6. HP: 46/60 MP: 6/6
   617 | D        | Reached skill level 11 in Axes
   623 | D        | Reached * piety under Beogh
   629 | D        | Slain by a two-headed ogre

Illustrated notes

Levels and vault maps discovered:
D:        linesprint [early_d, line_temple, items_1, d_10, items_2, lair_1,
          lair_end, items_3, orc_1, orc_end, items_4, d_15, swamp_1, shoals_1,
          snake_1, spider_1, d_20, vaults_1, items_5, swamp_end, shoals_end,
          snake_end, spider_end, vaults_end, d_27, items_6, zot_1, zot_end,
          crypt_end, forest_end, elf_end, slime_end, tomb_end, abyss_end,
          pan_hell_end]

Skill      XL: |  1  2  3  4  5  6 |
---------------+-------------------+-----
Axes           | 4 5 6 10 11 | 11.8
Fighting       | 4 5 7 8 |  8.3
Armour         | 4 6 7 |  7.6
Shields        | 4 6 7 |  7.6

Action                     |  1- 3 |  4- 6 || total
---------------------------+-------+-------++-------
  Melee: War axe           |    35 |    29 ||    64
    Use: Potion            |     1 |     2 ||     3
   Stab: Invisible         |       |     1 ||     1
 Armour: Scale mail        |    16 |    11 ||    27
  Dodge: Dodged            |    12 |    13 ||    25
  Block: Buckler           |     9 |    10 ||    19

Table legend: (Time is in decaauts)
 A = Elapsed time spent in this place.
 B = Non-inter-level travel time spent in this place.
 C = Inter-level travel time spent in this place.
 D = Time resting spent in this place.
 E = Time spent auto-exploring this place.
 F = Levels seen in this place.
 G = Mean time per level.
                   A        B        C        D        E       F      G
               +--------+--------+--------+--------+--------+-----+--------+
         Total |    650 |    650 |      0 |    425 |      0 |   1 |  650.0 |
       Dungeon |    650 |    650 |      0 |    425 |      0 |   1 |  650.0 |
               +--------+--------+--------+--------+--------+-----+--------+

Top non-repeatable levels by time:
       D: 650 daAuts
